 Dungeon Crawl Stone Soup version 0.26.0-15-gc6cd9f7 (webtiles) character file.

Game seed: 16596821499482316235

63 jimeh the Gusty (level 4, 0/24 HPs)
             Began as a Tengu Air Elementalist on Jan 24, 2021.
             Was an Initiate of Sif Muna.
             Killed from afar by Sigmund (13 damage)
             ... with a puff of flame
             ... on level 2 of the Dungeon.
             The game lasted 00:02:33 (1355 turns).

jimeh the Gusty (Tengu Air Elementalist)            Turns: 1355, Time: 00:02:33

Health: 0/24       AC:  2    Str:  8    XL:     4   Next: 10%
Magic:  1/9        EV: 12    Int: 17    God:    Sif Muna [......]
Gold:   17         SH:  0    Dex: 14    Spells: 5/8 levels left

rFire    . . .     SeeInvis .   (no weapon)
rCold    . . .     Faith    .   (no shield)
rNeg     . . .     Spirit   .   a - +0 robe
rPois    .         Reflect  .   (helmet restricted)
rElec    .         Harm     .   (no cloak)
rCorr    .         Rampage  .   (no gloves)
Will     .....                  (boots unavailable)
Stlth    ++........             (no amulet)
HPRegen  0.08/turn              (no ring)
MPRegen  0.11/turn              (no ring)

@: no status effects
A: beak, talons 3
a: Renounce Religion


You were on level 2 of the Dungeon.
You worshipped Sif Muna.
Sif Muna was noncommittal.
You visited 1 branch of the dungeon, and saw 2 of its levels.

You collected 17 gold pieces.

Inventory:

Armour
 a - a +0 robe (worn)
Scrolls
 b - 4 scrolls of identify {unknown}
 c - a scroll of blinking {unknown}
 e - a scroll of immolation {unknown}
Potions
 d - a potion of curing {unknown}
 f - a potion of flight {unknown}


   Skills:
 - Level 2.1 Dodging
 - Level 2.0 Stealth
 + Level 2.8 Spellcasting
 + Level 2.2 Conjurations
 + Level 5.3 Air Magic


You had 5 spell levels left.
You knew the following spells:

 Your Spells              Type           Power        Failure   Level
a - Shock                 Conj/Air       60%          3%          1
b - Swiftness             Air            20%          3%          2

Your spell library contained the following spells:

 Spells                   Type           Power        Failure   Level
 Static Discharge         Conj/Air       15%          11%         3
 Airstrike                Air            10%          21%         4
 Lightning Bolt           Conj/Air       7%           71%         5


Dungeon Overview and Level Annotations

Branches:
Dungeon (2/15)

Altars:
Makhleb
Sif Muna

Annotations:
D:2 Sigmund


Innate Abilities, Weirdness & Mutations

You have a beak for a mouth.
You have claws for feet.


Message History

Sigmund is moderately wounded.
The zap hits Sigmund.
Sigmund is heavily wounded.
Sigmund closely misses you.
The zap hits Sigmund.
Sigmund is heavily wounded.
Your magical contamination has completely faded away.
The zap misses Sigmund.
Sigmund whispers, "You'll know eternity soon."
Sigmund closely misses you.
You are too depleted to draw on your mana recklessly!
You are too depleted to draw on your mana recklessly!
You are too depleted to draw on your mana recklessly!
Sigmund misses you. Sigmund casts a spell at you. The magic dart hits you!
Sigmund casts a spell at you. The puff of flame hits you!
Ouch! That really hurt!
You die...

≈≈##......##....# ..
###.###.#.##....##..
###..................
..#.###.#.##....##...
..#.###.#............ ..
.............[..#####.##
........................ ...
#...###.###.####.).÷.... ..#
.....##.###.....@####.###..#
..÷........<..........[....
...............#.#######..#
..........(....#.# $..#
##...####........#######..#
####.##..........@.@.K....#
# #.####......#########..# #
#.# #....÷.# #..# ####.#
#......# .....


You could see Sigmund.

Vanquished Creatures
  3 adders
  2 dart slugs (D:2)
  A leopard gecko (D:2)
  A giant cockroach (D:1)
  4 goblins
  7 hobgoblins
  2 jackals (D:1)
  A kobold (D:1)
  A ball python (D:1)
  A bat (D:1)
  4 frilled lizards
  3 rats
30 creatures vanquished.

Notes
Turn   | Place    | Note
-------+----------+-------------------------------------------
     0 | D:1      | jimeh the Tengu Air Elementalist began the quest for the
                  | Orb.
     0 | D:1      | Reached XP level 1. HP: 10/10 MP: 4/4
   231 | D:1      | Reached XP level 2. HP: 15/15 MP: 3/6
   927 | D:1      | Reached skill level 5 in Air Magic
   927 | D:1      | Reached XP level 3. HP: 14/19 MP: 0/7
  1125 | D:2      | Found a shimmering blue altar of Sif Muna.
  1131 | D:2      | Became a worshipper of Sif Muna the Loreminder
  1176 | D:2      | Reached XP level 4. HP: 24/24 MP: 6/9
  1207 | D:2      | Found a burning altar of Makhleb.
  1325 | D:2      | Noticed Sigmund
  1331 | D:2      | Learned a level 2 spell: Swiftness
  1355 | D:2      | Killed from afar by Sigmund

Illustrated notes

Levels and vault maps discovered:
D:1:      nagdon_arrival_double_spiral, layout_loops_ring
D:2:      layout_basic, bloody_makhleb, led_sif_pool, uniq_sigmund

Skill      XL: |  1  2  3 |
---------------+----------+-----
Air Magic      | 5 |  5.3
Conjurations   | 2 |  2.2
Dodging        | |  2.1
Stealth        | |  2.0
Spellcasting   | |  2.8

Action                   |  1- 3 |  4- 6 || total
-------------------------+-------+-------++-------
Melee: Unarmed           |     6 |       ||     6
       Peck              |     3 |       ||     3
 Cast: Shock             |    56 |    16 ||    72
Armor: Robe              |     3 |       ||     3
Dodge: Dodged            |    10 |     4 ||    14
